Map: Whirlwind LE (Void)

Players

Fropez

  • Race: Protoss Protoss
  • League: Gold
  • Spawn Location: 5:00

Sweng - Winner!

  • Race: Zerg Zerg
  • League: Gold
  • Spawn Location: 7:00

VOD

Have the link to the VOD?

Description

Time

  • Played on: Dec. 31, 2016, 7:43 p.m.
  • Length: 10:20
Show
View Real Time Build Order
Export as new Build Order

Fropez Protoss 

Build Orders: Nexus First 

Get SALT Encoding   

  12  0:01  Probe (Chrono Boost)  
  13  0:12  Probe (Chrono Boost)  
  14  0:30  Probe (Chrono Boost)  
  14  0:31  Pylon  
  15  0:49  Probe (Chrono Boost)  
  16  0:59  Nexus  
  16  1:01  Probe (Chrono Boost)  
  18  1:11  Probe (Chrono Boost)  
  18  1:18  Gateway  
  18  1:23  Probe (Chrono Boost)  
  19  1:25  Assimilator  
  19  1:41  Gateway  
  19  1:43  Probe (Chrono Boost)  
  20  1:53  Probe (Chrono Boost)  
  21  1:55  Pylon  
  21  2:03  Assimilator  
  21  2:04  Probe (Chrono Boost)  
  22  2:10  Pylon  
  22  2:14  Probe (Chrono Boost)  
  23  2:20  Cybernetics Core  
  23  2:25  Probe (Chrono Boost)  
  23  2:28  Probe (Chrono Boost)  
  25  2:35  Probe (Chrono Boost)  
  25  2:38  Probe (Chrono Boost)  
  25  2:43  Warp Gate  
  26  2:56  Adept x2  
  30  3:03  Mothership Core (Chrono Boost)  
  32  3:08  Gateway  
  32  3:09  Probe (Chrono Boost)  
  33  3:12  Assimilator  
  32  3:35  Probe (Chrono Boost)  
  32  3:38  Gateway, Robotics Facility  
  33  3:43  Probe (Chrono Boost)  
  33  3:45  Probe (Chrono Boost)  
  33  3:47  Adept  
  37  3:48  Adept  
  40  3:55  Probe (Chrono Boost)  
  40  3:56  Probe (Chrono Boost)  
  41  4:08  Probe (Chrono Boost)  
  41  4:09  Probe (Chrono Boost)  
  43  4:13  Stalker  
  43  4:14  Stalker  
  47  4:24  Warp Prism, Pylon  
  49  4:25  Probe (Chrono Boost)  
  50  4:44  Probe x2 (Chrono Boost)  
  52  5:01  Observer  
  52  5:03  Probe (Chrono Boost)  
  52  5:04  Probe (Chrono Boost)  
  55  5:08  Pylon  
  55  5:14  Twilight Council  
  56  5:15  Adept  
  56  5:16  Adept, Probe x2 (Chrono Boost), Gateway  
  61  5:23  Pylon  
  61  5:28  Probe x2 (Chrono Boost)  
  63  5:34  Pylon  
  63  5:40  Probe (Chrono Boost)  
  62  5:54  Resonating Glaives  
  62  5:55  Stalker x4  
  70  6:03  Pylon  
  70  6:10  Observer  
  71  6:11  Forge  
  71  6:20  Probe (Chrono Boost)  
  71  6:21  Probe (Chrono Boost)  
  73  6:25  Assimilator  
  73  6:26  Adept x5  
  73  6:48  Stalker x2  
  75  7:03  Pylon  
  73  7:10  Dark Shrine  
  73  7:12  Photon Cannon  
  67  7:16  Photon Cannon  
  67  7:18  Pylon, Probe x2 (Chrono Boost)  
  69  7:27  Pylon  
  69  7:29  Pylon  
  69  7:35  Adept x5  
  79  7:40  Nexus  
  79  7:42  Pylon  
  79  7:44  Pylon  
  79  7:46  Probe (Chrono Boost)  
  79  7:47  Probe (Chrono Boost)  
  79  7:49  Pylon  
  81  7:56  Adept  
  83  8:00  Adept  
  83  8:01  Adept x3  
  83  8:05  Probe x2 (Chrono Boost)  
  93  8:16  Pylon  
  93  8:17  Pylon, Probe x2 (Chrono Boost)  
  95  8:20  Photon Cannon  
  95  8:25  Photon Cannon  
  95  8:27  Gateway  
  95  8:37  Gateway  
  95  8:40  Observer  
  96  8:43  Stalker x2  
  100  8:49  Photon Cannon  
  100  8:58  Stalker x3  
  82  9:24  Adept x3  
  79  9:25  Adept  
  79  9:27  Probe x2 (Chrono Boost)  
  83  9:46  Adept x4  
  83  9:47  Adept x3  
  69  10:07  Adept x4  
  69  10:08  Adept x3  
Show
View Real Time Build Order
Export as new Build Order

Sweng Zerg - Winner!

Build Orders: Pool First 

Get SALT Encoding   

  12  0:02  Drone  
  13  0:12  Overlord  
  13  0:17  Drone  
  14  0:30  Drone x2  
  14  0:34  Drone  
  17  0:37  Extractor  
  16  0:45  Drone  
  17  0:51  Spawning Pool  
  17  0:55  Drone  
  17  1:06  Drone  
  18  1:27  Hatchery  
  17  1:38  Queen  
  19  1:50  Metabolic Boost  
  19  1:52  Drone x2  
  21  1:58  Zergling x2  
  22  2:04  Overlord  
  22  2:18  Pneumatized Carapace  
  22  2:24  Zergling x2  
  23  2:35  Zergling x2  
  23  2:36  Drone  
  25  2:44  Queen  
  25  2:47  Drone  
  28  2:54  Drone x2  
  30  2:59  Drone  
  30  3:00  Queen  
  30  3:03  Drone x2  
  35  3:09  Drone  
  36  3:18  Overlord  
  36  3:19  Overlord  
  35  3:39  Roach Warren  
  35  3:40  Drone x4  
  38  3:51  Drone x2  
  38  3:55  Queen  
  40  3:56  Queen  
  40  4:01  Drone x4  
  48  4:06  Extractor, Overlord  
  47  4:10  Overlord  
  47  4:21  Zergling x8  
  51  4:27  Evolution Chamber  
  51  4:28  Baneling Nest  
  49  4:46  Zergling x10  
  49  4:52  Roach  
  56  4:54  Overlord, Zerg Missile Weapons Level 1  
  56  4:57  Roach  
  60  5:07  Roach x5  
  60  5:09  Overlord x2  
  68  5:23  Roach x2  
  68  5:27  Overlord x3  
  72  5:32  Extractor  
  72  5:34  Ravager  
  72  5:35  Ravager  
  73  5:42  Overlord x2  
  71  5:47  Roach  
  72  5:59  Extractor  
  72  6:01  Extractor, Roach x2  
  72  6:02  Hatchery  
  73  6:07  Drone x6  
  79  6:17  Roach  
  79  6:18  Roach  
  83  6:26  Overlord x2  
  83  6:35  Roach  
  83  6:36  Roach  
  87  6:45  Drone x2  
  87  6:46  Drone x5  
  94  6:56  Zergling x4  
  96  7:06  Spore Crawler  
  93  7:10  Spore Crawler  
  91  7:18  Queen  
  91  7:22  Lair  
  93  7:27  Zerg Ground Armor Level 1  
  93  7:30  Roach  
  93  7:31  Roach x4  
  103  7:56  Zergling x10  
  108  8:02  Spore Crawler  
  108  8:04  Spore Crawler  
  106  8:07  Evolution Chamber  
  106  8:12  Ravager  
  98  8:13  Ravager x4  
  98  8:14  Zergling x2  
  98  8:15  Zergling x16  
  98  8:19  Queen  
  113  8:28  Hydralisk Den  
  113  8:32  Drone x4  
  113  8:33  Extractor  
  115  8:43  Zergling x10  
  117  8:57  Roach  
  117  8:58  Roach x3  
  124  9:08  Zergling x12  
  125  9:20  Zergling x2  
  125  9:21  Zergling x8  
  112  9:41  Zergling x6  
  112  9:42  Zergling x6  
  117  9:49  Roach  
  114  9:56  Hydralisk  
Tags
 
Add a new tag
Caveats
  • Supply blocks, unpowered buildings, or Contaminate may cause inaccurate times.
  • Supply counts are checked every 10 seconds.